 Dungeon Crawl Stone Soup version 0.32-a0-576-g706899e69d (webtiles) character file.

Game seed: 6851237874733577782

190 BeKind the Shield-Bearer (level 5, -1/36 HPs)
             Began as an Octopode Fighter on Mar 1, 2024.
             Incinerated by a bombardier beetle (6 damage)
             ... with a burning spray
             ... on level 4 of the Dungeon.
             The game lasted 00:02:17 (1580 turns).

BeKind the Shield-Bearer (Octopode Fighter)         Turns: 1580, Time: 00:02:17

Health: -1/36      AC:  1    Str: 14    XL:     5   Next: 69%
Magic:  9/9        EV: 13    Int: 12    God:
Gold:   156        SH:  5    Dex: 15    Spells: 9/10 levels left

rFire   . . .        a - +0 trident
rCold   . . .        b - +0 buckler
rNeg    . . .        (helmet restricted)
rPois   .            (no amulet)
rElec   .            (no ring)
rCorr   .            (no ring)
SInv    .            (no ring)
Will    .....        (no ring)
Stlth   +            (no ring)
HPRegen 0.26/turn    (no ring)
MPRegen 0.11/turn    (no ring)
                     (no ring)

%: no passive effects
@: on fire, attractive, glowing
A: almost no armour, amphibious, 8 rings, camouflage 1, gelatinous body 1,
(nimble swimmer 1), tentacles, agile 1, evolution 1
a: no special abilities


You were on level 4 of the Dungeon.
You visited 1 branch of the dungeon, and saw 5 of its levels.

You collected 156 gold pieces.

Inventory:

Hand Weapons
 a - a +0 trident (weapon)
Armour
 b - a +0 buckler (worn)
Jewellery
 m - a ring of protection from cold
Scrolls
 d - 2 scrolls of fear {unknown}
 g - 2 scrolls of revelation {unknown}
 h - 2 scrolls of poison {unknown}
 k - a scroll of immolation {unknown}
 l - a scroll of enchant weapon {unknown}
Potions
 c - a potion of might
 f - a potion of curing


   Skills:
 - Level 3.1 Fighting
 - Level 2.1 Polearms
 - Level 3.1 Dodging
 + Level 4.7 Shields
 + Level 3.0 Spellcasting


You had 9 spell levels left.
You knew the following spells:

 Your Spells              Type           Power      Damage    Failure   Level
a - Foxfire               Conj/Fire      4%         2x1d4     32%         1

Your spell library contained the following spells:

 Spells                   Type           Power      Damage    Failure   Level
 Kiss of Death            Conj/Necr      4%         2d5       32%         1
 Sandblast                Erth           2%         2d4       32%         1
 Slow                     Hex            4%         N/A       32%         1
 Confusing Touch          Hex            1%         N/A       67%         3
 Passwall                 Erth           1%         N/A       67%         3
 Sigil of Binding         Hex            1%         N/A       67%         3
 Stone Arrow              Conj/Erth      2%         3d7       67%         3
 Vampiric Draining        Necr           1%         2d6       67%         3
 Brom's Barrelling Bould  Conj/Erth      1%         2d3       97%         4
 Dispel Undead            Necr           1%         3d6       97%         4
 Plasma Beam              Fire/Air       0%         2x1d10    100%        6
 Starburst                Conj/Fire      0%         6d3       100%        6


Dungeon Overview and Level Annotations

Branches:
Dungeon (5/15)
 Temple: D:4-7

Altars:


Innate Abilities, Weirdness & Mutations

You cannot wear most types of armour.
You are amphibious.
You can wear up to eight rings at the same time.
Your skin changes colour to match your surroundings (Stealth+).
Your rubbery body absorbs attacks. (AC +1, EV +1)
((You are camouflaged when in or above water. (Stealth+)))
You have tentacles for arms and can constrict up to eight enemies at once.
You are agile. (Dex +4, Str/Int -1)
You have hidden genetic potential.


Message History

You constrict the bombardier beetle.
The bombardier beetle sprays incendiary fluid at you.
The burning spray hits you.
You are even more covered in liquid fire!
You hit the bombardier beetle.
The bombardier beetle is almost dead.
The liquid fire burns you!
You constrict the bombardier beetle.
You kill the bombardier beetle!
Your Spellcasting skill increases to level 3!
You shake off some of the fire as you move.
The liquid fire burns you!
Items here: ) [ †††.
You hit the scorpion. Your grab misses the scorpion.
The scorpion is lightly wounded.
The liquid fire burns you! You block the scorpion's attack. x2
You hit the scorpion but do no damage. You grab the scorpion.
You squeeze the scorpion.
The scorpion is moderately wounded.
The liquid fire burns you!
* * * LOW HITPOINT WARNING * * *
You constrict the scorpion. The scorpion stings you.
* * * LOW HITPOINT WARNING * * *
It was a potion of curing.
You feel better. The liquid fire burns you!
You constrict the scorpion. The scorpion stings you.
* * * LOW HITPOINT WARNING * * *
Okay, then.
It was a potion of mutation.
You feel extremely strange.
You feel a hidden potential growing inside you.
You feel agile. The liquid fire burns you!
* * * LOW HITPOINT WARNING * * *
You constrict the scorpion. The scorpion closely misses you.
The scorpion misses you.
It was a potion of attraction.
You feel attractive to monsters. The liquid fire burns you!
You die...

.. ###.
#... #..
#.. #.#
#s# #@#
#.# #.#
######.#
#......#
#.######
#.# #.#
#.#


You could see a scorpion.

Vanquished Creatures
  A scorpion (D:5)
  A bombardier beetle (D:4)
  An orc priest (D:5)
  A gnoll (D:1)
  An adder (D:4)
  A dart slug (D:2)
  2 ribbon worms
  An orc (D:5)
  A ball python (D:2)
  3 endoplasms
  2 giant cockroaches
  4 goblins
  4 hobgoblins
  7 quokkas
  4 bats
  A frilled lizard (D:1)
  2 kobolds (D:2)
  2 rats
39 creatures vanquished.

Notes
Turn   | Place    | Note
-------+----------+-------------------------------------------
     0 | D:1      | BeKind the Octopode Fighter began the quest for the Orb.
     0 | D:1      | Reached XP level 1. HP: 16/16 MP: 1/1
   124 | D:1      | Reached XP level 2. HP: 18/21 MP: 2/2
   438 | D:1      | Reached skill level 1 in Spellcasting
   443 | D:1      | Reached XP level 3. HP: 16/26 MP: 2/4
  1129 | D:2      | Learned a level 1 spell: Foxfire
  1256 | D:3      | You fall into a shaft and drop 2 floors!
  1256 | D:5      | Entered Level 5 of the Dungeon
  1263 | D:5      | Noticed a scorpion
  1270 | D:5      | Killed a scorpion
  1271 | D:5      | Reached skill level 4 in Shields
  1271 | D:5      | Reached XP level 4. HP: 15/31 MP: 5/7
  1383 | D:5      | Reached XP level 5. HP: 33/36 MP: 7/9
  1579 | D:4      | Gained mutation: You have hidden genetic potential. [potion
                  | of mutation]
  1579 | D:4      | Gained mutation: You are agile. (Dex +4, Str/Int -1)
                  | [potion of mutation]
  1580 | D:4      | Incinerated by a bombardier beetle

Illustrated notes

Levels and vault maps discovered:
D:1:      scummos_arrival_simple_crosswalls, layout_basic
D:2:      layout_basic
D:3:      layout_loops_ring, makhleb_altar_promises_db
D:4:      layout_loops_ring, uniq_grinder
D:5:      layout_gridville, nicolae_hepliaklqana_hippocampus,
          minmay_temple_entry_slanted

Skill      XL: |  1  2  3  4  5 |
---------------+----------------+-----
Spellcasting   | 1 2 3 |  3.0
Shields        | 4 |  4.7
Fighting       | |  3.1
Polearms       | |  2.1
Dodging        | |  3.1

Action                     |  1- 3 |  4- 6 || total
---------------------------+-------+-------++-------
  Melee: Trident           |    67 |    22 ||    89
         Constrict         |    11 |     7 ||    18
         Tentacles         |     5 |     4 ||     9
    Use: Potion            |     1 |     3 ||     4
         Scroll            |       |     1 ||     1
   Stab: Sleeping          |     9 |       ||     9
         Distracted        |     1 |       ||     1
 Armour: Skin              |    20 |     9 ||    29
  Dodge: Dodged            |    18 |    15 ||    33
  Block: Buckler           |     5 |     5 ||    10

Table legend: (Time is in decaauts)
 A = Elapsed time spent in this place.
 B = Non-inter-level travel time spent in this place.
 C = Inter-level travel time spent in this place.
 D = Time resting spent in this place.
 E = Time spent auto-exploring this place.
 F = Levels seen in this place.
 G = Mean time per level.
                   A        B        C        D        E       F      G
               +--------+--------+--------+--------+--------+-----+--------+
         Total |   1600 |   1545 |     55 |      0 |   1297 |   5 |  320.0 |
       Dungeon |   1600 |   1545 |     55 |      0 |   1297 |   5 |  320.0 |
               +--------+--------+--------+--------+--------+-----+--------+

Top non-repeatable levels by time:
     D:1: 705 daAuts
     D:2: 533 daAuts
     D:4: 180 daAuts
     D:5: 149 daAuts
     D:3: 31 daAuts
